cohdb
Replays
Latest Replays
All Replays
Popular Replays
Top Player Replays
Match Explorer
How It Works
Community
CoH3 Stats
Reddit
Sign in to upload your games and track your stats! →
Sign in with Steam
Match 45376710
Unlisted
Match 45376710
Overview
Messages
Build Orders
End
Construct Section Command Post
Selects Australian Defense Battlegroup
Selects Australian Light Infantry Section
Australian Light Infantry Section
ML 3-inch Mortar Team
Infantry Section
Infantry Section
Construct Platoon Command Post
Humber Armored Car
Selects Defensive Tactics
CMP 15cwt Truck
Vickers Machine Gun Team
Vickers Machine Gun Team
Infantry Section
Selects CMP 15cwt Supply Run
Selects Reinforced Resource Caches
6-pounder Anti-tank Gun Team
6-pounder Anti-tank Gun Team
Selects Hold the Line!
Selects Charged Creeping Barrage
Charged Creeping Barrage
Charged Creeping Barrage
Infantry Section
Infantry Section
smurfdurf
LeaveANegativeComment
Blaston
baby blue
Arwootarch
Urge to Merge
Relic only temp bans maphackers
Cameltoe Joe
0
0
Comments
sign in to comment!
No comments posted yet!